 Dungeon Crawl Stone Soup version 0.27.1-15-g792fb953b9 (webtiles) character file.

Game seed: 7261383281840320686

40 ANNNA the Stinger (level 3, 0/19 HPs)
             Began as a Deep Elf Venom Mage on Nov 19, 2021.
             Constricted to death by a ball python (1 damage)
             ... on level 3 of the Dungeon.
             The game lasted 00:04:10 (1618 turns).

ANNNA the Stinger (Deep Elf Venom Mage)             Turns: 1618, Time: 00:04:11

Health: 0/19       AC:  2    Str:  6    XL:     3   Next: 30%
Magic:  9/10       EV:  9    Int: 19    God:
Gold:   97         SH:  0    Dex: 15    Spells: 6/9 levels left

rFire    . . .     SeeInvis .   e - +0 dagger
rCold    . . .     Faith    .   (no shield)
rNeg     . . .     Spirit   .   a - +0 robe
rPois    .         Reflect  .   (no helmet)
rElec    .         Harm     .   (no cloak)
rCorr    .         Rampage  .   (no gloves)
Will     .....                  (no boots)
Stlth    ++........             (no amulet)
HPRegen  0.06/turn              (no ring)
MPRegen  0.12/turn              (no ring)

@: mighty, constricted
A: no striking features
a: no special abilities


You were on level 3 of the Dungeon.
You visited 1 branch of the dungeon, and saw 4 of its levels.

You collected 97 gold pieces.

Inventory:

Hand Weapons
 e - a +0 dagger (weapon)
Armour
 a - a +0 robe (worn)
Jewellery
 d - an amulet of faith
Scrolls
 b - 2 scrolls of identify {unknown}
 g - 2 scrolls of enchant weapon {unknown}
Potions
 f - a potion of invisibility {unknown}


   Skills:
 + Level 2.6 Dodging
 + Level 2.8 Stealth
 + Level 3.6 Spellcasting
 + Level 1.8 Transmutations
 + Level 4.0 Poison Magic


You had 6 spell levels left.
You knew the following spells:

 Your Spells              Type           Power      Damage    Failure   Level
a - Sting                 Tmut/Pois      56%        1d5       4%          1
b - Poisonous Vapours     Pois/Air       22%        N/A       10%         2

Your spell library contained the following spells:

 Spells                   Type           Power      Damage    Failure   Level
 Mephitic Cloud           Conj/Pois/Air  8%         N/A       26%         3
 Olgreb's Toxic Radiance  Pois           18%        N/A       28%         4


Dungeon Overview and Level Annotations

Branches:
Dungeon (4/15)
 Temple: D:4-7

Altars:

Shops:
D:1 [

Annotations:
D:3 Grinder


Message History

The helpless ball python fails to defend itself.
You puncture the ball python!
You kill the ball python!
Grinder comes into view.
Grinder shouts!
You hear an angry hiss.
You hear a shout!
A ball python comes into view.
The ball python hisses angrily.
There is a stone staircase leading down here.
Grinder hits you.
You climb downwards.
There is a stone staircase leading up here.
The orc shouts!
The orc priest shouts!
The orc shouts!
Grinder gestures at you. Pain shoots through your body!
You climb upwards.
There is a stone staircase leading down here.
Casting: Sting (safe; 4% risk of failure)
Confirm with . or Enter, or press ? or * to list all spells.
Aiming: Sting (safe; 4% risk of failure)
Press: ? - help, Shift-Dir - straight line, f - Grinder
Aim: Grinder (68% to hit)
The sting hits Grinder.
Grinder partially resists.
Grinder is poisoned.
Grinder is lightly wounded.
Grinder barely misses you.
It was a potion of might.
You feel very mighty all of a sudden. Grinder closely misses you.
You closely miss Grinder.
Grinder is lightly wounded.
The ball python closely misses you. The ball python grabs you.
The ball python constricts you. The ball python barely misses you.
The ball python constricts you. Grinder hits you.
* * * LOW HITPOINT WARNING * * *
You writhe in agony.
* * * LOW HITPOINT WARNING * * *
You hit Grinder.
Grinder is lightly wounded.
Grinder looks more healthy.
The ball python closely misses you. The ball python constricts you.
You die...

#. #######...
##.S....... ##. #
#.@#.....# ....
##.#5#..# .....
#......## #..#
#.......## ####.####
#........#####........
#........#........##
##.........#.......#
#############.....#
#.....#


You could see Grinder and a ball python.

Vanquished Creatures
  An adder (D:3)
  An endoplasm (D:1)
  A giant cockroach (D:1)
  4 hobgoblins (D:1)
  2 quokkas (D:2)
  9 ball pythons
  3 bats (D:1)
  A frilled lizard (D:1)
  A goblin (D:1)
  5 kobolds
  2 rats (D:1)
30 creatures vanquished.

Vanquished Creatures (others)
  A plant (D:1)
1 creature vanquished.

Grand Total: 31 creatures vanquished

Notes
Turn   | Place    | Note
-------+----------+-------------------------------------------
     0 | D:1      | ANNNA the Deep Elf Venom Mage began the quest for the Orb.
     0 | D:1      | Reached XP level 1. HP: 10/10 MP: 6/6
    73 | D:1      | Found Ruerofop's Antique Armour Boutique.
   215 | D:1      | Reached XP level 2. HP: 9/15 MP: 6/8
   218 | D:1      | Learned a level 2 spell: Poisonous Vapours
  1182 | D:2      | Noticed a phantom
  1396 | D:2      | Reached XP level 3. HP: 17/19 MP: 6/10
  1458 | D:3      | Reached skill level 4 in Poison Magic
  1608 | D:3      | Noticed Grinder
  1618 | D:3      | Constricted to death by a ball python

Illustrated notes

Levels and vault maps discovered:
D:1:      lightli_arrival_noodles, layout_basic, serial_forest,
          infiniplex_forest_straight_4, infiniplex_forest_clump_small,
          infiniplex_forest_clump_medium, infiniplex_forest_lined_corner,
          infiniplex_forest_end_1, infiniplex_forest_clump_tiny,
          infiniplex_forest_clump_small, serial_shops, shop
D:2:      minmay_roachtagon, layout_basic, minmay_statues_item, uniq_terence,
          uniq_robin
D:3:      layout_rooms, mainiacjoe_overflow_small_starburst,
          hellmonk_ecumenical_altar_inner_sanctum, minmay_misc_feat_room,
          uniq_sigmund, uniq_crazy_yiuf_cottage, uniq_grinder
D:4:      layout_basic, minmay_misc_feat_more_columns, nicolae_shop_firing_range

Skill      XL: |  1  2  3 |
---------------+----------+-----
Poison Magic   | 4 |  4.0
Dodging        | |  2.6
Stealth        | |  2.8
Spellcasting   | |  3.6
Transmutations | |  1.8

Action                   || total
-------------------------++-------
Melee: Dagger            ||    10
 Cast: Sting             ||    34
  Use: Potion            ||     1
 Stab: Sleeping          ||     6
Armor: Robe              ||     7
Dodge: Dodged            ||    17
